 Dungeon Crawl Stone Soup version 0.24.0-37-gcf1ca852f1 (webtiles) character file.

Game seed: 17437664110435595930, levelgen mode: deterministic

72 grindst0ne the Skirmisher (level 4, -1/37 HPs)
             Began as a Mummy Fighter on Nov 29, 2019.
             Slain by a slave (2 damage)
             ... led by Pikel
             ... on level 3 of the Dungeon.
             The game lasted 00:02:33 (1910 turns).

grindst0ne the Skirmisher (Mummy Fighter)           Turns: 1910, Time: 00:02:34

Health: -1/37      AC:  7    Str: 19    XL:     4   Next: 6%
Magic:  4/4        EV:  7    Int:  8    God:
Gold:   134        SH:  9    Dex: 11    Spells: 3/3 levels left

rFire    x . .     SeeInvis .   a - +0 war axe
rCold    + . .     Gourm    .   c - +0 shield
rNeg     + + +     Faith    .   b - +0 scale mail
rPois    ∞         Spirit   .   (no helmet)
rElec    .         Reflect  .   (no cloak)
rCorr    .         Harm     .   f - +0 pair of gloves
MR       .....                  (no boots)
Stlth    ..........             (no amulet)
HPRegen  0.12/turn              (no ring)
MPRegen  0.09/turn              (no ring)

@: no status effects
A: no food or potions, fire vulnerability, cold resistance 1, negative energy
resistance 3, torment resistance, unbreathing
a: no special abilities


You were on level 3 of the Dungeon.
You were not hungry.

You visited 1 branch of the dungeon, and saw 4 of its levels.

You collected 134 gold pieces.

Inventory:

Hand Weapons
 a - a +0 war axe (weapon)
Armour
 b - a +0 scale mail (worn)
 c - a +0 shield (worn)
 f - a +0 pair of gloves (worn)
Scrolls
 d - 6 scrolls of teleportation {unknown}
 e - 4 scrolls of identify {unknown}
 g - a scroll of remove curse {unknown}
 h - a scroll of blinking {unknown}
 i - a scroll of enchant armour {unknown}
 j - a scroll of immolation {unknown}


   Skills:
 + Level 3.7 Fighting
 - Level 1.5 Axes
 + Level 3.1 Armour
 + Level 3.0 Shields


You had 3 spell levels left.
You didn't know any spells.
Your spell library was empty.

Dungeon Overview and Level Annotations

Branches:
Dungeon (4/15)
 Temple: D:4-7

Altars:

Annotations:
D:4 Pikel


Innate Abilities, Weirdness & Mutations

You do not eat or drink.
Your flesh is vulnerable to fire.
You are immune to poison.
Your flesh is cold resistant. (rC+)
You are immune to negative energy. (rN+++)
You are immune to unholy pain and torment.
You can survive without breathing.


Message History

The slave is heavily wounded.
You closely miss the slave. You block the slave's attack.
The slave hits you but does no damage. The slave hits you.
Your shield prevents you from hitting the slave.
The slave is heavily wounded.
You closely miss the slave. The slave closely misses you. The slave hits you!
* * * LOW HITPOINT WARNING * * *
The slave hits you but does no damage. The slave hits you!
* * * LOW HITPOINT WARNING * * *
You hit the slave.
The slave is severely wounded.
Your shield and scale mail prevent you from hitting the slave.
You block the slave's attack. The slave hits you but does no damage.
You can't drink.
Okay, then.
You hit the slave.
The slave is severely wounded.
Your shield and scale mail prevent you from hitting the slave.
You block the slave's attack. The slave hits you.
You die...

#### #... #.## ###.##
#....# ######### #.#<.#
#@p.....#####.##.#
#########p#.###.##....#...
#...............##.#######
#............#####.# #
#...........%....#.### #
#........[.#.....#...#####
#..........#.....#.#....##
#########'##.....#.#....##
#...##.....###....##


You could see 2 slaves.

Vanquished Creatures
  A gnoll (D:2)
  An ooze (D:2)
  A worm (D:2)
  2 dart slugs
  2 leopard geckos (D:1)
  An orc (D:3)
  5 bats
  3 giant cockroaches
  7 goblins
  6 hobgoblins
  4 jackals (D:1)
  2 ball pythons (D:1)
  5 frilled lizards
  4 kobolds
  2 rats (D:2)
46 creatures vanquished.

Notes
Turn   | Place    | Note
-------+----------+-------------------------------------------
     0 | D:1      | grindst0ne the Mummy Fighter began the quest for the Orb.
     0 | D:1      | Reached XP level 1. HP: 18/18 MP: 1/1
   182 | D:1      | Reached XP level 2. HP: 24/24 MP: 2/2
   495 | D:1      | Reached XP level 3. HP: 29/29 MP: 3/3
  1625 | D:3      | Reached XP level 4. HP: 35/37 MP: 4/4
  1898 | D:4      | Noticed a slave
  1898 | D:4      | Noticed a slave
  1899 | D:4      | Noticed Pikel
  1899 | D:4      | Noticed a slave
  1899 | D:4      | Noticed a slave
  1908 | D:3      | HP: 1/37 [slave[Pikel] (8)]
  1910 | D:3      | Slain by a slave

Levels and vault maps discovered:
D:1:      lightli_arrival_windingriver, layout_basic
D:2:      minmay_evil_eye, layout_basic
D:3:      layout_basic, first_ration
D:4:      minmay_angry_zag, layout_loops_ring, kennysheep_slug_shrine,
          fedhas_altar_2, uniq_pikel

Skill      XL: |  1  2  3 |
---------------+----------+-----
Shields        | 3 |  3.0
Armour         | 3 |  3.1
Fighting       | |  3.7
Axes           | |  1.5

Action                   |  1- 3 |  4- 6 || total
-------------------------+-------+-------++-------
Melee: War axe           |   130 |    12 ||   142
Armor: Scale mail        |    71 |     5 ||    76
Dodge: Dodged            |    31 |     5 ||    36
Block: Shield            |    76 |    12 ||    88
